Thunder vs Atomiques
Created - November 18, 2018 at 20:50
Goals
|
| Thunder |
0 |
1 |
0 |
1 |
| Atomiques |
3 |
7 |
0 |
10 |
|
Shots
|
| Thunder |
10 |
6 |
6 |
22 |
| Atomiques |
7 |
19 |
7 |
33 |
|
1st period
1. Atomiques , Tyler Brenner 6 (Dwight King 5, Ryan Shannon 12) at 4:54 (PP)
2. Atomiques , Corey Tropp 3 (Jacob De La Rose 2) at 8:34
3. Atomiques , Lucas Wallmark 5 (Bobby Farnham 5, Rasmus Ristolainen 15) at 18:48
Penalties :
Duncan Siemens (TRO) for Holding Stick (Minor) at 4:42, Anthony Nigro (STB) for Hooking (Minor) at 5:44, Dwight King (STB) for Holding (Minor) at 8:57, Joseph Cramarossa (STB) for Holding (Minor) at 9:23, Jared Staal (TRO) for Holding (Minor) at 14:05
2nd period
4. Thunder , Scott Parse 10 (Zach Redmond 7, Joey Ryan 11) at 1:14
5. Atomiques , Jack Skille 14 (Davis Drewiske 3) at 5:49 (PP)
6. Atomiques , Dwight King 8 (Matt Tennyson 7) at 6:01
7. Atomiques , Bobby Farnham 3 (Matt Tennyson 8, Mike Halmo 1) at 7:32
8. Atomiques , Jacob De La Rose 2 (Corey Tropp 3, Dwight King 6) at 9:58
9. Atomiques , Brock McGinn 1 (Anthony Nigro 1) at 10:29
10. Atomiques , Jack Skille 15 (Brock McGinn 12) at 12:10
11. Atomiques , Rasmus Ristolainen 4 (Jack Skille 9, Jeff Frazee) at 13:39 (PP)
Penalties :
Duncan Siemens (TRO) for Cross-checking (Minor) at 5:16, Tyler Brenner (STB) for Fighting (Major) at 6:15, Zach Redmond (TRO) for Fighting (Major) at 6:15, Adam Clendening (TRO) for Roughing (Minor) at 13:04, Joey Ryan (TRO) for Hooking (Minor) at 14:16
3rd period
No Goal
Penalties :
Adam Clendening (TRO) for Holding (Minor) at 10:54, Trevor Lewis (TRO) for Delaying the game (Minor) at 13:33, Eric Mestery (STB) for Hooking (Minor) at 16:10
Goalie Stats
Devan Dubnyk (TRO), 21 saves from 27 shots - (0.778), L, 7-6-0, 55:20 minutes
Niklas Treutle (TRO), 2 saves from 6 shots - (0.333), 4:40 minutes
Jeff Frazee (STB), 21 saves from 22 shots - (0.955), W, 2-2-0, 60:00 minutes
Players Stats for Thunder
Player Name G A P +/- PIM S H SB GA TA FO MP PP MP PK MP
------------------------------------------------------------------------------------
Adam Clendening 0 0 0 -2 4 1 0 3 0 1 0/0 17:36 2:54 2:04
Austin Wuthrich 0 0 0 -1 0 0 0 1 0 0 0/1 12:38 0:00 0:00
Dany Roussin 0 0 0 -3 0 0 2 2 0 0 0/1 18:11 2:51 3:13
Daultan Leveillé 0 0 0 -1 0 3 2 0 0 0 16/26 21:55 3:28 5:22
David Wolf 0 0 0 -1 0 0 1 0 1 0 0/0 12:55 0:00 0:17
Duncan Siemens 0 0 0 -3 4 1 0 1 0 0 0/0 14:19 0:00 0:00
Eric Karlsson 0 0 0 0 0 0 0 0 0 0 0/0 2:24 0:04 0:16
Gianluca Curcuruto 0 0 0 0 0 0 0 0 0 1 0/0 5:29 0:00 0:33
Jamie McGinn 0 0 0 -1 0 0 1 0 0 0 0/0 6:21 0:00 0:00
Jared Staal 0 0 0 -1 2 0 3 1 0 0 1/2 16:36 3:28 0:00
Joe Labate 0 0 0 -1 0 0 0 0 0 0 0/1 6:21 0:00 0:00
Joey Ryan 0 1 1 -3 2 2 2 2 1 0 0/0 27:40 3:29 5:03
Mikko Vainonen 0 0 0 -1 0 1 0 1 0 1 0/0 13:25 0:00 1:36
Nikolay Prokhorkin 0 0 0 0 0 0 0 0 0 0 0/0 0:35 0:04 0:00
Peter Andersson 0 0 0 -3 0 0 1 1 0 1 0/0 18:39 2:54 2:48
Ryan Nugent-Hopkins 0 0 0 -3 0 0 2 1 1 0 2/5 17:55 2:55 2:52
Scott Parse 1 0 1 -2 0 9 2 0 0 1 4/10 25:58 3:28 5:23
Thomas Spelling 0 0 0 -3 0 0 3 0 0 0 0/0 14:24 2:51 0:00
Trevor Lewis 0 0 0 -1 2 4 2 0 1 0 2/5 12:46 0:00 0:00
Zach Redmond 0 1 1 0 5 1 0 0 0 0 0/0 23:11 3:29 6:28
Zach Stepan 0 0 0 0 0 0 0 0 0 0 0/0 1:18 0:00 1:09
Players Stats for Atomiques
Player Name G A P +/- PIM S H SB GA TA FO MP PP MP PK MP
------------------------------------------------------------------------------------
Anthony Nigro 0 1 1 2 2 0 0 1 0 0 2/2 14:10 3:54 0:00
Bobby Farnham 1 1 2 1 0 2 1 0 0 0 0/0 7:34 0:07 0:00
Brock McGinn 1 1 2 2 0 3 1 0 1 0 0/0 14:11 3:54 0:00
Carl Dahlstrom 0 0 0 0 0 0 0 0 0 0 0/0 0:40 0:40 0:00
Colby Cohen 0 0 0 0 0 0 0 0 0 1 0/0 19:30 3:47 2:47
Corey Tropp 1 1 2 2 0 6 2 0 0 0 1/1 11:24 0:00 0:00
Dalton Smith 0 0 0 2 0 0 4 0 0 0 1/1 11:24 0:00 0:00
Davis Drewiske 0 1 1 5 0 3 2 4 0 2 0/0 25:30 4:47 3:36
Dwight King 1 2 3 1 2 4 2 0 0 0 4/6 20:24 5:12 2:21
Eric Gustafsson 0 0 0 1 0 0 0 0 0 0 0/0 4:02 0:00 0:00
Eric Mestery 0 0 0 0 2 0 2 0 0 0 0/0 10:10 0:00 0:00
Jack Skille 2 1 3 2 0 3 0 0 0 1 0/0 17:02 3:03 1:21
Jacob De La Rose 1 1 2 2 0 1 1 0 0 0 4/6 12:12 0:00 0:48
John Draeger 0 0 0 0 0 0 0 0 0 0 0/0 10:58 0:42 0:00
Joseph Cramarossa 0 0 0 0 2 0 0 0 0 0 0/2 3:36 0:00 1:15
Lucas Wallmark 1 0 1 1 0 1 2 0 0 0 0/3 8:17 0:02 0:47
Matt Tennyson 0 2 2 5 0 3 2 2 4 0 0/0 25:30 4:47 3:36
Max McCormick 0 0 0 0 0 0 0 0 0 0 0/0 0:55 0:55 0:00
Mike Halmo 0 1 1 1 0 0 1 0 0 0 0/0 8:12 0:10 0:35
Mitch Callahan 0 0 0 0 0 0 0 1 0 0 0/4 3:04 0:57 0:00
Rasmus Ristolainen 1 1 2 0 0 3 2 0 0 0 0/0 19:30 3:47 2:47
Ryan Shannon 0 1 1 1 0 1 2 1 0 0 0/0 20:45 4:14 1:21
Tyler Brenner 1 0 1 1 5 3 2 1 0 0 14/26 18:48 5:20 2:44
Wiley Sherman 0 0 0 1 0 0 0 0 0 0 0/0 4:11 0:02 0:00
3 Stars
1 - Jack Skille (STB)
2 - Matt Tennyson (STB)
3 - Corey Tropp (STB)
Power Play
Thunder - 0 on 4 Attempt(s) - 0.00%
Atomiques - 3 on 7 Attempt(s) - 42.86%
Penalty Kill
Thunder - 4 on 7 Attempt(s) - 57.14%
- Score 0 goal in Penalty Kill
Atomiques - 4 on 4 Attempt(s) - 100.00%
- Score 0 goal in Penalty Kill
Team Stat
Thunder - Hits : 21 - Faceoff Wins : 25 - Blocked Shots : 13 - Penalty Minutes : 19
Atomiques - Hits : 26 - Faceoff Wins : 26 - Blocked Shots : 10 - Penalty Minutes : 13
Official
Referees : Unknown
Linesman : Unknown
Game Notes
Niklas Treutle enters game at 5:49 of 2nd period
Tyler Brenner beats up Zach Redmond at 6:15 of 2nd period
Devan Dubnyk enters game at 10:29 of 2nd period
Finance
Level 1 -- Attendance: 1512 (75.60%) -- Ticket Income $60,480
Level 2 -- Attendance: 700 (70.00%) -- Ticket Income $14,000
Total Attendance: 2212 (73.73%)
Total Ticket Income: $74,480
Other Income: $3,724
Total Income: $78,204
Thunder
5 vs 5 Forward
Center Left Wing Right Wing Time % Phy DF OF
1 Daultan Leveillé Scott Parse Jared Staal 40 1 2 2
2 Ryan Nugent-Hopkins Dany Roussin Thomas Spelling 30 1 2 2
3 Trevor Lewis David Wolf Austin Wuthrich 20 1 2 2
4 Joe Labate Jamie McGinn Scott Parse 10 1 2 2
5 vs 5 Defense
Defense Defense Time % Phy DF OF
1 Joey Ryan Zach Redmond 40 1 2 2
2 Peter Andersson Adam Clendening 30 1 2 2
3 Duncan Siemens Mikko Vainonen 20 1 2 2
4 Gianluca Curcuruto Joey Ryan 10 1 2 2
PowerPlay Forward
Center Left Wing Right Wing Time % Phy DF OF
1 Daultan Leveillé Scott Parse Jared Staal 60 1 2 2
2 Ryan Nugent-Hopkins Dany Roussin Thomas Spelling 40 1 2 2
PowerPlay Defense
Defense Defense Time % Phy DF OF
1 Joey Ryan Zach Redmond 60 1 2 2
2 Peter Andersson Adam Clendening 40 1 2 2
Penalty Kill 4 Players Forward
Center Wing Time % Phy DF OF
1 Scott Parse Daultan Leveillé 60 1 2 2
2 Dany Roussin Ryan Nugent-Hopkins 40 1 2 2
Penalty Kill 4 Players Defense
Defense Defense Time % Phy DF OF
1 Joey Ryan Zach Redmond 60 1 2 2
2 Peter Andersson Adam Clendening 40 1 2 2
Penalty Kill - 3 Players Forward
Forward Time % Phy DF OF
1 Scott Parse 60 1 2 2
2 Daultan Leveillé 40 1 2 2
Penalty Kill - 3 Players Defense
Defense Defense Time % Phy DF OF
1 Joey Ryan Zach Redmond 60 1 2 2
2 Peter Andersson Adam Clendening 40 1 2 2
4 vs 4 Forward
Center Wing Time % Phy DF OF
1 Scott Parse Daultan Leveillé 60 1 2 2
2 Dany Roussin Ryan Nugent-Hopkins 40 1 2 2
4 vs 4 Defense
Defense Defense Time % Phy DF OF
1 Joey Ryan Zach Redmond 60 1 2 2
2 Peter Andersson Adam Clendening 40 1 2 2
Last Minutes Offensive
Center Left Wing Right Wing Defense Defense
Daultan Leveillé Scott Parse Jared Staal Joey Ryan Zach Redmond
Last Minutes Defensive
Center Left Wing Right Wing Defense Defense
Daultan Leveillé Scott Parse Jared Staal Joey Ryan Zach Redmond
Goaltenders
Starting : Devan Dubnyk
Backup : Niklas Treutle
Extra Forwards
Normal : Eric Karlsson, Nikolay Prokhorkin, Zach Stepan - PP : Eric Karlsson, Nikolay Prokhorkin - PK : Zach Stepan
Extra Defensemen
Normal : Duncan Siemens, Mikko Vainonen, Gianluca Curcuruto - PP : Duncan Siemens - PK : Mikko Vainonen, Gianluca Curcuruto
Penalty Shots
Scott Parse, Daultan Leveillé, Dany Roussin, Ryan Nugent-Hopkins, Trevor Lewis
Scratches
None
Atomiques
5 vs 5 Forward
Center Left Wing Right Wing Time % Phy DF OF
1 Tyler Brenner Dwight King Ryan Shannon 40 1 2 2
2 Anthony Nigro Brock McGinn Jack Skille 30 1 2 2
3 Jacob De La Rose Dalton Smith Corey Tropp 20 1 2 2
4 Lucas Wallmark Mike Halmo Bobby Farnham 10 1 2 2
5 vs 5 Defense
Defense Defense Time % Phy DF OF
1 Matt Tennyson Davis Drewiske 40 1 2 2
2 Rasmus Ristolainen Colby Cohen 30 1 2 2
3 Eric Mestery John Draeger 20 1 2 2
4 Eric Gustafsson Wiley Sherman 10 1 2 2
PowerPlay Forward
Center Left Wing Right Wing Time % Phy DF OF
1 Tyler Brenner Dwight King Ryan Shannon 60 1 2 2
2 Anthony Nigro Brock McGinn Jack Skille 40 1 2 2
PowerPlay Defense
Defense Defense Time % Phy DF OF
1 Matt Tennyson Davis Drewiske 60 1 2 2
2 Rasmus Ristolainen Colby Cohen 40 1 2 2
Penalty Kill 4 Players Forward
Center Wing Time % Phy DF OF
1 Dwight King Tyler Brenner 60 1 2 2
2 Ryan Shannon Jack Skille 40 1 2 2
Penalty Kill 4 Players Defense
Defense Defense Time % Phy DF OF
1 Matt Tennyson Davis Drewiske 60 1 2 2
2 Rasmus Ristolainen Colby Cohen 40 1 2 2
Penalty Kill - 3 Players Forward
Forward Time % Phy DF OF
1 Dwight King 60 1 2 2
2 Tyler Brenner 40 1 2 2
Penalty Kill - 3 Players Defense
Defense Defense Time % Phy DF OF
1 Matt Tennyson Davis Drewiske 60 1 2 2
2 Rasmus Ristolainen Colby Cohen 40 1 2 2
4 vs 4 Forward
Center Wing Time % Phy DF OF
1 Dwight King Tyler Brenner 60 1 2 2
2 Ryan Shannon Jack Skille 40 1 2 2
4 vs 4 Defense
Defense Defense Time % Phy DF OF
1 Matt Tennyson Davis Drewiske 60 1 2 2
2 Rasmus Ristolainen Colby Cohen 40 1 2 2
Last Minutes Offensive
Center Left Wing Right Wing Defense Defense
Tyler Brenner Dwight King Ryan Shannon Matt Tennyson Davis Drewiske
Last Minutes Defensive
Center Left Wing Right Wing Defense Defense
Tyler Brenner Dwight King Ryan Shannon Matt Tennyson Davis Drewiske
Goaltenders
Starting : Jeff Frazee
Backup : Jake Allen
Extra Forwards
Normal : Mitch Callahan, Max McCormick, Joseph Cramarossa - PP : Mitch Callahan, Max McCormick - PK : Joseph Cramarossa
Extra Defensemen
Normal : Carl Dahlstrom, Eric Mestery, John Draeger - PP : Carl Dahlstrom - PK : Eric Mestery, John Draeger
Penalty Shots
Dwight King, Tyler Brenner, Ryan Shannon, Jack Skille, Corey Tropp
Scratches
Rickard Rakell (Sprained Right Finger Injury), Francois Tremblay (Healthy)
% Time on Ice - Thunder
Lines # - Real PCT - Wanted PCT - Time Play
Normal Forward
1 - 31% - 40% - 13:43
2 - 26% - 30% - 11:39
3 - 28% - 20% - 12:38
4 - 14% - 10% - 6:21
Normal Defense
1 - 38% - 40% - 16:46
2 - 29% - 30% - 12:40
3 - 26% - 20% - 11:27
4 - 8% - 10% - 3:28
PP Forward
1 - 54% - 60% - 3:28
2 - 46% - 40% - 2:55
PP Defense
1 - 55% - 60% - 3:29
2 - 45% - 40% - 2:54
PK Forward
1 - 76% - 60% - 7:01
2 - 24% - 40% - 2:15
PK Defense
1 - 70% - 60% - 6:28
2 - 30% - 40% - 2:48
PK3 Forward
1 - 0% - 60%
2 - 0% - 40%
PK3 Defense
1 - 0% - 60%
2 - 0% - 40%
44 Forward
1 - 0% - 60%
2 - 0% - 40%
44 Defense
1 - 0% - 60%
2 - 0% - 40%
Last Minute Offensive - 0:00
Last Minute Defensive - 0:00
Total
Forward - 60:00
Defense - 60:00
|
% Time on Ice - Atomiques
Lines # - Real PCT - Wanted PCT - Time Play
Normal Forward
1 - 29% - 40% - 12:52
2 - 28% - 30% - 12:38
3 - 26% - 20% - 11:24
4 - 17% - 10% - 7:27
Normal Defense
1 - 39% - 40% - 17:14
2 - 29% - 30% - 12:56
3 - 23% - 20% - 10:09
4 - 9% - 10% - 4:02
PP Forward
1 - 58% - 60% - 5:22
2 - 42% - 40% - 3:54
PP Defense
1 - 59% - 60% - 5:29
2 - 41% - 40% - 3:47
PK Forward
1 - 72% - 60% - 3:29
2 - 28% - 40% - 1:21
PK Defense
1 - 61% - 60% - 2:56
2 - 39% - 40% - 1:54
PK3 Forward
1 - 100% - 60% - 1:33
2 - 0% - 40% - 0:00
PK3 Defense
1 - 43% - 60% - 0:40
2 - 57% - 40% - 0:53
44 Forward
1 - 0% - 60%
2 - 0% - 40%
44 Defense
1 - 0% - 60%
2 - 0% - 40%
Last Minute Offensive - 0:00
Last Minute Defensive - 0:00
Total
Forward - 60:00
Defense - 60:00
|
Play by Play
1st period
0:01 of 1st period - Tyler Brenner wins face-off versus Daultan Leveillé in neutral zone.
0:08 of 1st period - Snap shot by Scott Parse.
0:08 of 1st period - Stopped by Jeff Frazee with a rebound.
0:10 of 1st period - Slapshot by Joey Ryan.
0:10 of 1st period - Shot Blocked by Davis Drewiske.
0:12 of 1st period - Slapshot by Daultan Leveillé.
0:12 of 1st period - Shot Blocked by Tyler Brenner.
0:14 of 1st period - Wrist shot by Daultan Leveillé.
0:14 of 1st period - Shot Misses the Net.
0:16 of 1st period - Wrist shot by Scott Parse.
0:16 of 1st period - Stopped by Jeff Frazee with a rebound.
0:26 of 1st period - Tyler Brenner is hit by Trevor Lewis and loses puck.
2:31 of 1st period - Adam Clendening is hit by Corey Tropp and loses puck.
2:54 of 1st period - Snap shot by Jack Skille.
2:54 of 1st period - Deflect By Mikko Vainonen.
2:54 of 1st period - Shot Blocked by Duncan Siemens.
2:54 of 1st period - Puck is out of play.
2:55 of 1st period - Trevor Lewis wins face-off versus Lucas Wallmark in Thunder zone.
3:49 of 1st period - Eric Gustafsson is hit by Scott Parse and loses puck.
4:32 of 1st period - Wrist shot by Tyler Brenner.
4:32 of 1st period - Shot Misses the Net.
4:34 of 1st period - Snap shot by Dwight King.
4:34 of 1st period - Deflect By Tyler Brenner.
4:34 of 1st period - Stopped by Devan Dubnyk with a rebound.
4:36 of 1st period - Snap shot by Tyler Brenner.
4:36 of 1st period - Stopped by Devan Dubnyk with a rebound.
4:42 of 1st period - Minor Penalty to Duncan Siemens for Holding Stick.
4:43 of 1st period - Tyler Brenner wins face-off versus Scott Parse in Thunder zone.
4:54 of 1st period - Wrist shot by Tyler Brenner.
4:54 of 1st period - Goal by Tyler Brenner - Thunder : 0 - Atomiques : 1.
4:55 of 1st period - Tyler Brenner wins face-off versus Daultan Leveillé in neutral zone.
5:11 of 1st period - Slapshot by Tyler Brenner.
5:11 of 1st period - Shot Misses the Net.
5:21 of 1st period - Jack Skille is hit by Thomas Spelling and loses puck.
5:44 of 1st period - Minor Penalty to Anthony Nigro for Hooking.
5:45 of 1st period - Daultan Leveillé wins face-off versus Dwight King in Atomiques zone.
5:52 of 1st period - Wrist shot by Daultan Leveillé.
5:52 of 1st period - Shot Blocked by Davis Drewiske.
5:54 of 1st period - Wrist shot by Scott Parse.
5:54 of 1st period - Stopped by Jeff Frazee with a rebound.
5:56 of 1st period - Snap shot by Daultan Leveillé.
5:56 of 1st period - Stopped by Jeff Frazee with a rebound.
6:27 of 1st period - Colby Cohen is hit by Thomas Spelling and loses puck.
7:35 of 1st period - Colby Cohen is hit by Jared Staal and loses puck.
7:44 of 1st period - Penalty to Anthony Nigro is over, Anthony Nigro is back on ice.
7:56 of 1st period - Slapshot by Rasmus Ristolainen.
7:56 of 1st period - Shot Blocked by Mikko Vainonen.
8:22 of 1st period - Icing by Jamie McGinn.
8:23 of 1st period - Jacob De La Rose wins face-off versus Joe Labate in Thunder zone.
8:26 of 1st period - Snap shot by Corey Tropp.
8:26 of 1st period - Shot Misses the Net.
8:30 of 1st period - Snap shot by Corey Tropp.
8:30 of 1st period - Shot Misses the Net.
8:32 of 1st period - Snap shot by Jacob De La Rose.
8:32 of 1st period - Shot Misses the Net.
8:34 of 1st period - Slapshot by Corey Tropp.
8:34 of 1st period - Goal by Corey Tropp - Thunder : 0 - Atomiques : 2.
8:35 of 1st period - Dwight King wins face-off versus Ryan Nugent-Hopkins in neutral zone.
8:40 of 1st period - Snap shot by Dwight King.
8:40 of 1st period - Shot Blocked by Dany Roussin.
8:42 of 1st period - Wrist shot by Dwight King.
8:42 of 1st period - Stopped by Devan Dubnyk with a rebound.
8:44 of 1st period - Snap shot by Matt Tennyson.
8:44 of 1st period - Shot Blocked by Joey Ryan.
8:46 of 1st period - Snap shot by Tyler Brenner.
8:46 of 1st period - Shot Misses the Net.
8:48 of 1st period - Slapshot by Matt Tennyson.
8:48 of 1st period - Deflect By Ryan Shannon.
8:48 of 1st period - Shot Misses the Net.
8:48 of 1st period - Puck is out of play.
8:49 of 1st period - Dwight King wins face-off versus Daultan Leveillé in Thunder zone.
8:57 of 1st period - Minor Penalty to Dwight King for Holding.
8:58 of 1st period - Daultan Leveillé wins face-off versus Joseph Cramarossa in Atomiques zone.
9:02 of 1st period - Wrist shot by Daultan Leveillé.
9:02 of 1st period - Shot Blocked by Davis Drewiske.
9:04 of 1st period - Slapshot by Zach Redmond.
9:04 of 1st period - Shot Misses the Net.
9:06 of 1st period - Slapshot by Jared Staal.
9:06 of 1st period - Deflect By Scott Parse.
9:06 of 1st period - Shot Blocked by Matt Tennyson.
9:06 of 1st period - Puck is out of play.
9:07 of 1st period - Jared Staal wins face-off versus Joseph Cramarossa in Atomiques zone.
9:18 of 1st period - Snap shot by Scott Parse.
9:18 of 1st period - Stopped by Jeff Frazee without a rebound.
9:19 of 1st period - Daultan Leveillé wins face-off versus Tyler Brenner in Atomiques zone.
9:23 of 1st period - Minor Penalty to Joseph Cramarossa for Holding.
9:24 of 1st period - Daultan Leveillé wins face-off versus Lucas Wallmark in Atomiques zone.
10:51 of 1st period - Davis Drewiske is hit by Daultan Leveillé and loses puck.
10:57 of 1st period - Penalty to Dwight King is over, Dwight King is back on ice.
11:23 of 1st period - Penalty to Joseph Cramarossa is over, Joseph Cramarossa is back on ice.
11:35 of 1st period - Matt Tennyson is hit by David Wolf and loses puck.
12:38 of 1st period - Slapshot by Jack Skille.
12:38 of 1st period - Stopped by Devan Dubnyk with a rebound.
13:28 of 1st period - Wrist shot by David Wolf.
13:28 of 1st period - Shot Blocked by Davis Drewiske.
13:30 of 1st period - Slapshot by Trevor Lewis.
13:30 of 1st period - Stopped by Jeff Frazee with a rebound.
13:43 of 1st period - Slapshot by Duncan Siemens.
13:43 of 1st period - Stopped by Jeff Frazee without a rebound.
13:44 of 1st period - Corey Tropp wins face-off versus Daultan Leveillé in Atomiques zone.
13:53 of 1st period - Snap shot by Corey Tropp.
13:53 of 1st period - Shot Misses the Net.
13:59 of 1st period - Snap shot by Corey Tropp.
13:59 of 1st period - Shot Misses the Net.
14:05 of 1st period - Minor Penalty to Jared Staal for Holding.
14:06 of 1st period - Tyler Brenner wins face-off versus Scott Parse in Thunder zone.
14:07 of 1st period - Snap shot by Dwight King.
14:07 of 1st period - Shot Hit the Post.
14:40 of 1st period - Slapshot by Rasmus Ristolainen.
14:40 of 1st period - Shot Misses the Net.
15:00 of 1st period - Daultan Leveillé is hit by Tyler Brenner and loses puck.
16:05 of 1st period - Penalty to Jared Staal is over, Jared Staal is back on ice.
16:40 of 1st period - Bobby Farnham is hit by Jared Staal and loses puck.
17:20 of 1st period - Zach Redmond is hit by Dalton Smith and loses puck.
17:33 of 1st period - Trevor Lewis is hit by Eric Mestery and loses puck.
18:17 of 1st period - Snap shot by Daultan Leveillé.
18:17 of 1st period - Deflect By Rasmus Ristolainen.
18:17 of 1st period - Stopped by Jeff Frazee with a rebound.
18:19 of 1st period - Slapshot by Mikko Vainonen.
18:19 of 1st period - Shot Blocked by Anthony Nigro.
18:21 of 1st period - Snap shot by Daultan Leveillé.
18:21 of 1st period - Shot Misses the Net.
18:48 of 1st period - Snap shot by Bobby Farnham.
18:48 of 1st period - Deflect By Lucas Wallmark.
18:48 of 1st period - Goal by Lucas Wallmark - Thunder : 0 - Atomiques : 3.
18:49 of 1st period - Tyler Brenner wins face-off versus Scott Parse in neutral zone.
19:00 of 1st period - Wrist shot by Daultan Leveillé.
19:00 of 1st period - Stopped by Jeff Frazee with a rebound.
19:02 of 1st period - Snap shot by Jared Staal.
19:02 of 1st period - Shot Misses the Net.
19:04 of 1st period - Slapshot by Joey Ryan.
19:04 of 1st period - Stopped by Jeff Frazee without a rebound.
19:05 of 1st period - Ryan Nugent-Hopkins wins face-off versus Tyler Brenner in Atomiques zone.
19:30 of 1st period - Brock McGinn is hit by Daultan Leveillé and loses puck.
Goals for this period are 0 for Thunder vs 3 for Atomiques.
Shots for this period are 10 for Thunder vs 7 for Atomiques.
2nd period
0:01 of 2nd period - Daultan Leveillé wins face-off versus Dwight King in neutral zone.
0:53 of 2nd period - Peter Andersson is hit by Davis Drewiske and loses puck.
1:14 of 2nd period - Snap shot by Scott Parse.
1:14 of 2nd period - Goal by Scott Parse - Thunder : 1 - Atomiques : 3.
1:15 of 2nd period - Tyler Brenner wins face-off versus Daultan Leveillé in neutral zone.
1:22 of 2nd period - Slapshot by Rasmus Ristolainen.
1:22 of 2nd period - Shot Misses the Net.
1:26 of 2nd period - Snap shot by Dwight King.
1:26 of 2nd period - Stopped by Devan Dubnyk with a rebound.
1:58 of 2nd period - Off-side.
1:59 of 2nd period - Jacob De La Rose wins face-off versus Trevor Lewis in neutral zone.
2:16 of 2nd period - Peter Andersson is hit by Corey Tropp and loses puck.
2:29 of 2nd period - Wrist shot by Corey Tropp.
2:29 of 2nd period - Stopped by Devan Dubnyk without a rebound.
2:30 of 2nd period - Daultan Leveillé wins face-off versus Tyler Brenner in Thunder zone.
2:45 of 2nd period - Snap shot by Dwight King.
2:45 of 2nd period - Stopped by Devan Dubnyk with a rebound.
2:55 of 2nd period - Snap shot by Jack Skille.
2:55 of 2nd period - Shot Blocked by Joey Ryan.
2:57 of 2nd period - Wrist shot by Brock McGinn.
2:57 of 2nd period - Stopped by Devan Dubnyk with a rebound.
2:59 of 2nd period - Slapshot by Matt Tennyson.
2:59 of 2nd period - Deflect By Scott Parse.
2:59 of 2nd period - Stopped by Devan Dubnyk without a rebound.
3:00 of 2nd period - Ryan Nugent-Hopkins wins face-off versus Tyler Brenner in Thunder zone.
3:00 of 2nd period - Ryan Nugent-Hopkins is hit by Ryan Shannon.
3:11 of 2nd period - Off-side.
3:12 of 2nd period - Tyler Brenner wins face-off versus Daultan Leveillé in neutral zone.
3:37 of 2nd period - Colby Cohen is hit by Joey Ryan and loses puck.
4:52 of 2nd period - Off-side.
4:53 of 2nd period - Dwight King wins face-off versus Daultan Leveillé in neutral zone.
5:16 of 2nd period - Minor Penalty to Duncan Siemens for Cross-checking.
5:17 of 2nd period - Scott Parse wins face-off versus Tyler Brenner in Thunder zone.
5:49 of 2nd period - Snap shot by Jack Skille.
5:49 of 2nd period - Goal by Jack Skille - Thunder : 1 - Atomiques : 4.
5:49 of 2nd period - Niklas Treutle enters game.
5:50 of 2nd period - Daultan Leveillé wins face-off versus Tyler Brenner in neutral zone.
6:01 of 2nd period - Slapshot by Dwight King.
6:01 of 2nd period - Goal by Dwight King - Thunder : 1 - Atomiques : 5.
6:02 of 2nd period - Daultan Leveillé wins face-off versus Tyler Brenner in neutral zone.
6:11 of 2nd period - Snap shot by Scott Parse.
6:11 of 2nd period - Stopped by Jeff Frazee with a rebound.
6:13 of 2nd period - Backhand shot by Jared Staal.
6:13 of 2nd period - Shot Misses the Net.
6:15 of 2nd period - Wrist shot by Scott Parse.
6:15 of 2nd period - Stopped by Jeff Frazee without a rebound.
6:15 of 2nd period - Tyler Brenner beats up Zach Redmond.
6:15 of 2nd period - Penalty to Tyler Brenner for Fighting.
6:15 of 2nd period - Penalty to Zach Redmond for Fighting.
6:16 of 2nd period - Daultan Leveillé wins face-off versus Mitch Callahan in Atomiques zone.
6:25 of 2nd period - Snap shot by Scott Parse.
6:25 of 2nd period - Stopped by Jeff Frazee with a rebound.
6:27 of 2nd period - Slapshot by Scott Parse.
6:27 of 2nd period - Shot Misses the Net.
6:29 of 2nd period - Backhand shot by Jared Staal.
6:29 of 2nd period - Shot Misses the Net.
7:08 of 2nd period - Trevor Lewis is hit by Davis Drewiske and loses puck.
7:30 of 2nd period - Slapshot by Matt Tennyson.
7:30 of 2nd period - Stopped by Niklas Treutle with a rebound.
7:32 of 2nd period - Wrist shot by Bobby Farnham.
7:32 of 2nd period - Goal by Bobby Farnham - Thunder : 1 - Atomiques : 6.
7:33 of 2nd period - Daultan Leveillé wins face-off versus Mitch Callahan in neutral zone.
7:58 of 2nd period - Jack Skille is hit by Dany Roussin and loses puck.
8:54 of 2nd period - Colby Cohen is hit by Joey Ryan.
9:25 of 2nd period - Thomas Spelling is hit by Matt Tennyson and loses puck.
9:56 of 2nd period - Wrist shot by Corey Tropp.
9:56 of 2nd period - Stopped by Niklas Treutle with a rebound.
9:58 of 2nd period - Snap shot by Jacob De La Rose.
9:58 of 2nd period - Goal by Jacob De La Rose - Thunder : 1 - Atomiques : 7.
9:59 of 2nd period - Daultan Leveillé wins face-off versus Mitch Callahan in neutral zone.
10:06 of 2nd period - Snap shot by Daultan Leveillé.
10:06 of 2nd period - Shot Blocked by Mitch Callahan.
10:29 of 2nd period - Wrist shot by Brock McGinn.
10:29 of 2nd period - Goal by Brock McGinn - Thunder : 1 - Atomiques : 8.
10:29 of 2nd period - Devan Dubnyk enters game.
10:30 of 2nd period - Daultan Leveillé wins face-off versus Mitch Callahan in neutral zone.
11:09 of 2nd period - Icing by Davis Drewiske.
11:10 of 2nd period - Anthony Nigro wins face-off versus Ryan Nugent-Hopkins in Atomiques zone.
11:41 of 2nd period - Joey Ryan is hit by Brock McGinn and loses puck.
12:02 of 2nd period - Snap shot by Brock McGinn.
12:02 of 2nd period - Shot Misses the Net.
12:10 of 2nd period - Wrist shot by Jack Skille.
12:10 of 2nd period - Goal by Jack Skille - Thunder : 1 - Atomiques : 9.
12:11 of 2nd period - Tyler Brenner wins face-off versus Daultan Leveillé in neutral zone.
12:14 of 2nd period - Peter Andersson is hit by Dwight King and loses puck.
12:56 of 2nd period - Peter Andersson is hit by Lucas Wallmark and loses puck.
13:04 of 2nd period - Minor Penalty to Adam Clendening for Roughing.
13:05 of 2nd period - Tyler Brenner wins face-off versus Daultan Leveillé in Thunder zone.
13:39 of 2nd period - Slapshot by Rasmus Ristolainen.
13:39 of 2nd period - Goal by Rasmus Ristolainen - Thunder : 1 - Atomiques : 10.
13:40 of 2nd period - Daultan Leveillé wins face-off versus Tyler Brenner in neutral zone.
13:53 of 2nd period - Wrist shot by Ryan Shannon.
13:53 of 2nd period - Stopped by Devan Dubnyk without a rebound.
13:54 of 2nd period - Daultan Leveillé wins face-off versus Tyler Brenner in Thunder zone.
13:54 of 2nd period - Daultan Leveillé is hit by Tyler Brenner.
14:16 of 2nd period - Minor Penalty to Joey Ryan for Hooking.
14:17 of 2nd period - Tyler Brenner wins face-off versus Scott Parse in Thunder zone.
14:42 of 2nd period - Wrist shot by Rasmus Ristolainen.
14:42 of 2nd period - Deflect By Daultan Leveillé.
14:42 of 2nd period - Stopped by Devan Dubnyk with a rebound.
14:44 of 2nd period - Slapshot by Anthony Nigro.
14:44 of 2nd period - Shot Misses the Net.
14:46 of 2nd period - Wrist shot by Brock McGinn.
14:46 of 2nd period - Stopped by Devan Dubnyk without a rebound.
14:47 of 2nd period - Scott Parse wins face-off versus Tyler Brenner in Thunder zone.
14:47 of 2nd period - Scott Parse is hit by Rasmus Ristolainen.
16:16 of 2nd period - Penalty to Joey Ryan is over, Joey Ryan is back on ice.
16:23 of 2nd period - Zach Redmond is hit by Dalton Smith and loses puck.
16:46 of 2nd period - Snap shot by Trevor Lewis.
16:46 of 2nd period - Stopped by Jeff Frazee with a rebound.
16:54 of 2nd period - Wrist shot by Bobby Farnham.
16:54 of 2nd period - Stopped by Devan Dubnyk without a rebound.
16:55 of 2nd period - Jacob De La Rose wins face-off versus Trevor Lewis in Thunder zone.
16:56 of 2nd period - Snap shot by Corey Tropp.
16:56 of 2nd period - Shot Blocked by Adam Clendening.
16:58 of 2nd period - Snap shot by Corey Tropp.
16:58 of 2nd period - Stopped by Devan Dubnyk without a rebound.
16:59 of 2nd period - Jacob De La Rose wins face-off versus Trevor Lewis in Thunder zone.
19:37 of 2nd period - Slapshot by Zach Redmond.
19:37 of 2nd period - Stopped by Jeff Frazee without a rebound.
19:38 of 2nd period - Scott Parse wins face-off versus Jacob De La Rose in Atomiques zone.
Goals for this period are 1 for Thunder vs 7 for Atomiques.
Shots for this period are 6 for Thunder vs 19 for Atomiques.
3rd period
0:01 of 3rd period - Daultan Leveillé wins face-off versus Tyler Brenner in neutral zone.
0:08 of 3rd period - Snap shot by Scott Parse.
0:08 of 3rd period - Shot Blocked by Ryan Shannon.
0:10 of 3rd period - Slapshot by Joey Ryan.
0:10 of 3rd period - Stopped by Jeff Frazee with a rebound.
0:14 of 3rd period - Snap shot by Scott Parse.
0:14 of 3rd period - Shot Misses the Net.
0:49 of 3rd period - Peter Andersson is hit by Dalton Smith and loses puck.
1:08 of 3rd period - Snap shot by Bobby Farnham.
1:08 of 3rd period - Shot Blocked by Peter Andersson.
1:10 of 3rd period - Slapshot by Matt Tennyson.
1:10 of 3rd period - Shot Blocked by Adam Clendening.
1:59 of 3rd period - Wrist shot by Thomas Spelling.
1:59 of 3rd period - Shot Misses the Net.
2:01 of 3rd period - Wrist shot by Trevor Lewis.
2:01 of 3rd period - Stopped by Jeff Frazee with a rebound.
2:09 of 3rd period - Snap shot by David Wolf.
2:09 of 3rd period - Shot Misses the Net.
2:11 of 3rd period - Wrist shot by Trevor Lewis.
2:11 of 3rd period - Stopped by Jeff Frazee without a rebound.
2:12 of 3rd period - Tyler Brenner wins face-off versus Jared Staal in Atomiques zone.
2:56 of 3rd period - Snap shot by Scott Parse.
2:56 of 3rd period - Shot Misses the Net.
2:58 of 3rd period - Snap shot by Adam Clendening.
2:58 of 3rd period - Stopped by Jeff Frazee with a rebound.
3:18 of 3rd period - Eric Mestery is hit by Scott Parse and loses puck.
3:43 of 3rd period - Snap shot by Jack Skille.
3:43 of 3rd period - Shot Misses the Net.
3:51 of 3rd period - Brock McGinn is hit by Jared Staal.
3:57 of 3rd period - Wrist shot by Brock McGinn.
3:57 of 3rd period - Shot Misses the Net.
4:07 of 3rd period - Snap shot by Scott Parse.
4:07 of 3rd period - Stopped by Jeff Frazee without a rebound.
4:08 of 3rd period - Tyler Brenner wins face-off versus Ryan Nugent-Hopkins in Atomiques zone.
4:18 of 3rd period - Slapshot by Rasmus Ristolainen.
4:18 of 3rd period - Shot Blocked by Ryan Nugent-Hopkins.
4:20 of 3rd period - Wrist shot by Ryan Shannon.
4:20 of 3rd period - Shot Misses the Net.
5:43 of 3rd period - Jamie McGinn is hit by Lucas Wallmark and loses puck.
6:46 of 3rd period - Tyler Brenner is hit by Peter Andersson and loses puck.
7:34 of 3rd period - Icing by Mikko Vainonen.
7:35 of 3rd period - Trevor Lewis wins face-off versus Lucas Wallmark in Thunder zone.
7:35 of 3rd period - Trevor Lewis is hit by Bobby Farnham.
9:22 of 3rd period - Jared Staal is hit by Eric Mestery and loses puck.
10:01 of 3rd period - Duncan Siemens is hit by Mike Halmo and loses puck.
10:16 of 3rd period - Wiley Sherman is hit by Dany Roussin and loses puck.
10:32 of 3rd period - Colby Cohen is hit by Ryan Nugent-Hopkins and loses puck.
10:43 of 3rd period - Wrist shot by Trevor Lewis.
10:43 of 3rd period - Shot Misses the Net.
10:54 of 3rd period - Minor Penalty to Adam Clendening for Holding.
10:55 of 3rd period - Tyler Brenner wins face-off versus Scott Parse in Thunder zone.
11:03 of 3rd period - Wrist shot by Daultan Leveillé.
11:03 of 3rd period - Shot Blocked by Matt Tennyson.
11:57 of 3rd period - Mikko Vainonen is hit by Ryan Shannon and loses puck.
12:46 of 3rd period - Zach Redmond is hit by Matt Tennyson and loses puck.
12:54 of 3rd period - Penalty to Adam Clendening is over, Adam Clendening is back on ice.
13:13 of 3rd period - Wrist shot by Scott Parse.
13:13 of 3rd period - Shot Misses the Net.
13:15 of 3rd period - Slapshot by Mikko Vainonen.
13:15 of 3rd period - Stopped by Jeff Frazee with a rebound.
13:25 of 3rd period - Slapshot by Rasmus Ristolainen.
13:25 of 3rd period - Deflect By Corey Tropp.
13:25 of 3rd period - Shot Blocked by Austin Wuthrich.
13:25 of 3rd period - Puck is out of play.
13:26 of 3rd period - Dalton Smith wins face-off versus Austin Wuthrich in Thunder zone.
13:31 of 3rd period - Wrist shot by Dalton Smith.
13:31 of 3rd period - Deflect By Corey Tropp.
13:31 of 3rd period - Stopped by Devan Dubnyk with a rebound.
13:33 of 3rd period - Minor Penalty to Trevor Lewis for Delaying the game.
13:34 of 3rd period - Tyler Brenner wins face-off versus Scott Parse in Thunder zone.
13:40 of 3rd period - Slapshot by Davis Drewiske.
13:40 of 3rd period - Stopped by Devan Dubnyk with a rebound.
13:42 of 3rd period - Slapshot by Matt Tennyson.
13:42 of 3rd period - Stopped by Devan Dubnyk without a rebound.
13:43 of 3rd period - Scott Parse wins face-off versus Tyler Brenner in Thunder zone.
14:08 of 3rd period - Wrist shot by Ryan Shannon.
14:08 of 3rd period - Shot Blocked by Dany Roussin.
14:10 of 3rd period - Slapshot by Davis Drewiske.
14:10 of 3rd period - Stopped by Devan Dubnyk without a rebound.
14:11 of 3rd period - Anthony Nigro wins face-off versus Dany Roussin in Thunder zone.
14:18 of 3rd period - Slapshot by Rasmus Ristolainen.
14:18 of 3rd period - Shot Blocked by Adam Clendening.
14:38 of 3rd period - Adam Clendening is hit by Dwight King and loses puck.
15:15 of 3rd period - Jack Skille is hit by Ryan Nugent-Hopkins and loses puck.
15:33 of 3rd period - Penalty to Trevor Lewis is over, Trevor Lewis is back on ice.
15:54 of 3rd period - Dalton Smith is hit by Trevor Lewis and loses puck.
16:10 of 3rd period - Minor Penalty to Eric Mestery for Hooking.
16:11 of 3rd period - Dwight King wins face-off versus Daultan Leveillé in Atomiques zone.
17:13 of 3rd period - Slapshot by Colby Cohen.
17:13 of 3rd period - Shot Blocked by Jared Staal.
17:15 of 3rd period - Slapshot by Rasmus Ristolainen.
17:15 of 3rd period - Stopped by Devan Dubnyk with a rebound.
17:35 of 3rd period - Dany Roussin is hit by Rasmus Ristolainen and loses puck.
17:42 of 3rd period - Jack Skille is hit by Thomas Spelling and loses puck.
18:10 of 3rd period - Penalty to Eric Mestery is over, Eric Mestery is back on ice.
18:17 of 3rd period - David Wolf is hit by Jacob De La Rose and loses puck.
18:36 of 3rd period - Slapshot by Davis Drewiske.
18:36 of 3rd period - Deflect By Scott Parse.
18:36 of 3rd period - Stopped by Devan Dubnyk with a rebound.
18:42 of 3rd period - Davis Drewiske is hit by Jamie McGinn.
19:56 of 3rd period - Slapshot by Corey Tropp.
19:56 of 3rd period - Stopped by Devan Dubnyk without a rebound.
19:57 of 3rd period - Daultan Leveillé wins face-off versus Jacob De La Rose in Thunder zone.
19:57 of 3rd period - Daultan Leveillé is hit by Dalton Smith.
Goals for this period are 0 for Thunder vs 0 for Atomiques.
Shots for this period are 6 for Thunder vs 7 for Atomiques.
Back to the Top